 Dungeon Sprint DCSS version 0.20.1-1-g8b1a95d (webtiles) character file.

387 potatolord6000 the Skirmisher (level 6, -6/47 HPs)
             Began as a Demonspawn Gladiator on Aug 25, 2017.
             Mangled by a neqoxec (9 damage)
             ... in the Dungeon (Sprint II: "The Violet Keep of Menkaure").
             The game lasted 00:00:38 (24 turns).

potatolord6000 the Skirmisher (Demonspawn Gladiator)  Turns: 24, Time: 00:00:38

Health: -6/47      AC:  3    Str: 14    XL:     6   Next: 49%
Magic:  2/12       EV: 16    Int:  9    God:
Gold:   0          SH:  0    Dex: 17    Spells: 16/16 levels left

rFire    . . .     SeeInvis .   a - +0 quarterstaff
rCold    . . .     Gourm    .   (shield currently unavailable)
rNeg     . . .     Faith    .   b - +0 leather armour
rPois    .         Spirit   .   (helmet restricted)
rElec    .         Reflect  .   (no cloak)
rCorr    .         Harm     .   (no gloves)
MR       .....     NoTele   +   (no boots)
Stlth    ++++......             (no amulet)
Regen    0.2/turn               (no ring)
MPRegen  0.2/turn               (no ring)

@: berserk cooldown, slowed, very slow
A: antennae 1, yellow scales 1, deformed body, frail 1, low mp 1, nightstalker 1
a: no special abilities


You were in the Dungeon.
You were not hungry.

You visited 1 branch

Inventory:

Hand Weapons
 a - a +0 quarterstaff (weapon)
Missiles
 d - 3 throwing nets (quivered)
Armour
 b - a +0 leather armour (worn)
 c - a +0 helmet
Scrolls
 k - a scroll of blinking
Potions
 e - a potion of curing
 g - a potion of heal wounds
 h - a potion of haste
 i - 2 potions of magic
Comestibles
 f - a bread ration


   Skills:
 + Level 6.5 Fighting
 + Level 6.3 Staves
 - Level 1.7 Throwing
 + Level 6.3 Dodging
 + Level 6.2 Stealth
 + Level 5.5 Spellcasting


You had 16 spell levels left.
You didn't know any spells.

Dungeon Overview and Level Annotations

Branches:
Dungeon (1/1)

Altars:


Innate Abilities, Weirdness & Mutations

You have a pair of small antennae on your head.
You are partially covered in yellow scales. (AC +2)
You are slightly more attuned to the shadows.
Armour fits poorly on your strangely shaped body.
You are frail. (-10% HP)
Your magical capacity is low. (-10% MP)


Message History

The neqoxec is moderately wounded.
The neqoxec hits you!
You hit the neqoxec but do no damage.
The neqoxec is moderately wounded.
The neqoxec gestures.
The neqoxec closely misses you.
You sock the neqoxec!
The neqoxec is heavily wounded.
The neqoxec hits you!
* * * LOW HITPOINT WARNING * * *
The shadow imp barely misses you.
You sock the neqoxec!
The neqoxec is severely wounded.
The neqoxec hits you!
* * * LOW HITPOINT WARNING * * *
The shadow imp gestures at you. Pain shoots through your body!
* * * LOW HITPOINT WARNING * * *
The neqoxec hits you!
You die...

##
###
.##..
55.
#3#
##@##
+.5.+
##.##
#+#


You could see a neqoxec, a quasit, a white imp and a shadow imp.

Vanquished Creatures
  3 neqoxecs (D)
3 creatures vanquished.

Vanquished Creatures (others)
  A crocodile (D)
1 creature vanquished.

Grand Total: 4 creatures vanquished

Notes
Turn   | Place    | Note
-------+----------+-------------------------------------------
     0 | D        | potatolord6000 the Demonspawn Gladiator began the quest for the Orb.
     0 | D        | Reached XP level 1. HP: 16/16 MP: 1/1
     1 | D        | Noticed a neqoxec
     1 | D        | Noticed a neqoxec
     1 | D        | Noticed a neqoxec
     1 | D        | Noticed a neqoxec
     5 | D        | Noticed a crimson imp
     5 | D        | Gained mutation: Your magical capacity is low. (-10% MP) [a neqoxec]
     7 | D        | Noticed a quasit
     7 | D        | Killed a neqoxec
     7 | D        | Gained mutation: You are slightly more attuned to the shadows. [demonic ancestry]
     7 | D        | Reached XP level 2. HP: 26/26 MP: 0/6
     7 | D        | Gained mutation: You are partially covered in yellow scales. (AC +2) [demonic ancestry]
     7 | D        | Reached XP level 3. HP: 31/31 MP: 0/7
     7 | D        | Reached XP level 4. HP: 38/38 MP: 0/8
    11 | D        | Gained mutation: Armour fits poorly on your strangely shaped body. [a neqoxec]
    13 | D        | Killed a neqoxec
    13 | D        | Reached skill level 5 in Fighting
    13 | D        | Reached skill level 5 in Staves
    13 | D        | Reached skill level 5 in Dodging
    13 | D        | Reached skill level 5 in Stealth
    13 | D        | Gained mutation: You have a pair of small antennae on your head. [demonic ancestry]
    13 | D        | Reached XP level 5. HP: 37/46 MP: 0/11
    18 | D        | Killed a neqoxec
    18 | D        | Reached skill level 5 in Spellcasting
    18 | D        | Reached XP level 6. HP: 43/53 MP: 0/12
    20 | D        | Gained mutation: You are frail. (-10% HP) [a neqoxec]
    24 | D        | Mangled by a neqoxec

Skill      XL: |  1  2  3  4  5 |
---------------+----------------+-----
Fighting       | 4 5 6 |  6.5
Staves         | 4 5 6 |  6.3
Dodging        | 4 5 6 |  6.3
Stealth        | 4 5 6 |  6.2
Spellcasting   | 3 4 5 |  5.5
Throwing       | |  1.7

Action                   |  1- 3 |  4- 6 || total
-------------------------+-------+-------++-------
Melee: Quarterstaff      |     5 |    17 ||    22
  Use: Potion            |     1 |       ||     1
Armor: Leather armour    |       |     2 ||     2
Dodge: Dodged            |     2 |     5 ||     7
